 Dungeon Crawl Stone Soup version 0.26-a0-652-gafc20e3620 (webtiles) character file.

Game seed: 236789042597804119

2 ringo67 the Thaumaturge (level 1, 13/13 HPs)
             Began as a Gnoll Wanderer on Oct 1, 2020.
             Quit the game on level 1 of the Dungeon.
             The game lasted 00:01:06 (283 turns).

ringo67 the Thaumaturge (Gnoll Wanderer)             Turns: 283, Time: 00:01:06

Health: 13/13      AC:  2    Str: 11    XL:     1   Next: 30%
Magic:  12/12      EV: 11    Int: 15    God:
Gold:   19         SH:  0    Dex: 16    Spells: 21/22 levels left

rFire    + . .     SeeInvis .   a - +0 dagger
rCold    + . .     Faith    .   (no shield)
rNeg     . . .     Spirit   .   e - +0 robe
rPois    .         Reflect  .   (no helmet)
rElec    .         Harm     .   b - scarf {rC+ rF+}
rCorr    .         Rampage  .   (no gloves)
MR       .....                  (no boots)
Stlth    ++........             (no amulet)
HPRegen  0.04/turn              (no ring)
MPRegen  0.13/turn              (no ring)

@: no status effects
A: distributed training, fangs 1, strong nose
a: no special abilities


You were on level 1 of the Dungeon.
You visited 1 branch of the dungeon, and saw 1 of its levels.

You collected 19 gold pieces.

Inventory:

Hand Weapons
 a - a +0 dagger (weapon)
Missiles
 c - 11 poisoned darts (quivered)
Armour
 b - a scarf of resistance (worn)
 e - a +0 robe (worn)


   Skills:
 + Level 0.0 Fighting
 + Level 0.0 Short Blades
 + Level 0.0 Long Blades
 + Level 0.0 Axes
 + Level 0.0 Maces & Flails
 + Level 0.0 Polearms
 + Level 0.0 Staves
 + Level 0.0 Slings
 + Level 0.0 Bows
 + Level 0.0 Crossbows
 + Level 2.3 Throwing
 + Level 0.0 Armour
 + Level 0.0 Dodging
 + Level 2.1 Stealth
 + Level 0.0 Shields
 + Level 0.0 Unarmed Combat
 + Level 11.1 Spellcasting
 + Level 0.0 Conjurations
 + Level 1.9 Hexes
 + Level 0.0 Summonings
 + Level 0.0 Necromancy
 + Level 0.0 Translocations
 + Level 0.0 Transmutations
 + Level 0.0 Fire Magic
 + Level 1.9 Ice Magic
 + Level 0.0 Air Magic
 + Level 0.0 Earth Magic
 + Level 1.9 Poison Magic
 + Level 0.1 Invocations
 + Level 0.0 Evocations


You had 21 spell levels left.
You knew the following spells:

 Your Spells              Type           Power        Failure   Level
a - Foxfire               Conj/Fire      #...         9%          1

Your spell library contained the following spells:

 Spells                   Type           Power        Failure   Level
 Slow                     Hex            ##......     6%          2
 Magic Dart               Conj           #...         9%          1
 Blink                    Tloc           N/A          13%         2
 Call Imp                 Summ           #.......     13%         2
 Mephitic Cloud           Conj/Pois/Air  ##......     21%         3
 Conjure Flame            Conj/Fire      #.......     26%         3


Dungeon Overview and Level Annotations

Branches:
Dungeon (1/15)

Altars:


Innate Abilities, Weirdness & Mutations

Your experience applies equally to all skills.
You have very sharp teeth.
Your uncanny sense of smell can sniff out nearby items.


Message History

Confirm with . or Enter, or press ? or * to list all spells.
You conjure some foxfire!
The foxfire hits the bat.
The bat is severely wounded.
The foxfire hits the bat.
You kill the bat!
Casting: Foxfire (safe; 9% risk of failure)
Confirm with . or Enter, or press ? or * to list all spells.
You conjure some foxfire!
Your foxfire dissipates! x2
Found 8 gold pieces.
Found a stone staircase leading down.
Your foxfire dissipates!
You now have 11 gold pieces.
You now have 19 gold pieces (gained 8).
Found 17 bolts.
Found 3 gold pieces.
A frilled lizard comes into view.
You see here 3 gold pieces.
Quiver which item? (- for none, * to show all) (? for menu, Esc to quit)
Okay, then.
Are you sure you want to abandon this character and quit the game? (Confirm with "yes".)

#........#.##§ ∆
#<....)..#..#v
#.#........#....
#.#........+.##.
#(#...##...+.##.
#.#..[.....#.#..
..#######.###########...
.......$#.#####.........
.l#####@#.##............
#............>..####..
#.########.###..# #..
#.# #..# #.# #.# #..#
#.# #.# #..# #.# #.#
#... #.# #.# .##. ...


There were no monsters in sight!

Vanquished Creatures
  A giant cockroach (D:1)
  A bat (D:1)
2 creatures vanquished.

Vanquished Creatures (others)
  4 foxfires (D:1)
4 creatures vanquished.

Grand Total: 6 creatures vanquished

Notes
Turn   | Place    | Note
-------+----------+-------------------------------------------
     0 | D:1      | Reached skill level 11 in Spellcasting
     0 | D:1      | ringo67 the Gnoll Wanderer began the quest for the Orb.
     0 | D:1      | ringo67 set off with the following items: a +0 dagger, 11
                  | poisoned darts, a +0 robe; and the following spells
                  | available to memorise: Slow, Foxfire, Magic Dart, Blink,
                  | Call Imp, Mephitic Cloud, Conjure Flame
     0 | D:1      | Reached XP level 1. HP: 13/13 MP: 12/12
   252 | D:1      | Learned a level 1 spell: Foxfire
   283 | D:1      | Quit the game

Illustrated notes

Levels and vault maps discovered:
D:1:      lemuel_arrival_behind_the_door_large, layout_loops_ring,
          minmay_quantized

Skill      XL: | |
---------------+-+-----
Spellcasting   | | 11.1
Throwing       | |  2.3
Stealth        | |  2.1
Hexes          | |  1.9
Ice Magic      | |  1.9
Poison Magic   | |  1.9
Invocations    | |  0.1

Action                   || total
-------------------------++-------
Melee: Dagger            ||    12
       Bite              ||     2
 Cast: Foxfire           ||     3
Armor: Robe              ||     2
Dodge: Dodged            ||     7

Table legend: (Time is in decaauts)
 A = Elapsed time spent in this place.
 B = Non-inter-level travel time spent in this place.
 C = Inter-level travel time spent in this place.
 D = Time resting spent in this place.
 E = Time spent auto-exploring this place.
 F = Levels seen in this place.
 G = Mean time per level.
                   A        B        C        D        E       F      G
               +--------+--------+--------+--------+--------+-----+--------+
         Total |    283 |    283 |      0 |    214 |     11 |   1 |  283.0 |
       Dungeon |    283 |    283 |      0 |    214 |     11 |   1 |  283.0 |
               +--------+--------+--------+--------+--------+-----+--------+

Top non-repeatable levels by time:
     D:1: 283 daAuts
